Map: Port Aleksander LE

Players

tajiquanwei - Winner!

  • Race: Terran Terran
  • League: Gold
  • Spawn Location: 11:00

Odin

  • Race: Protoss Protoss
  • League: Gold
  • Spawn Location: 5:00

VOD

Have the link to the VOD?

Description

Time

  • Played on: Dec. 16, 2018, 9:19 a.m.
  • Length: 13:24
Show
View Real Time Build Order
Export as new Build Order

tajiquanwei Terran - Winner!

Build Orders:  

Get SALT Encoding   

  12  0:01  SCV  
  13  0:13  SCV  
  14  0:25  SCV  
  14  0:26  Supply Depot  
  15  0:33  Refinery  
  15  0:48  SCV  
  15  0:49  Barracks  
  16  1:00  SCV  
  17  1:08  Barracks  
  17  1:12  SCV  
  18  1:23  Refinery  
  18  1:24  SCV  
  19  1:36  SCV  
  19  1:37  Reaper  
  21  1:41  Supply Depot  
  21  1:55  Reaper  
  21  1:59  Barracks  
  22  2:14  Barracks  
  22  2:21  Reaper  
  23  2:25  SCV  
  23  2:28  Reaper  
  25  2:38  Supply Depot  
  25  2:46  Reaper  
  26  3:04  Marine  
  26  3:05  Marine  
  27  3:13  Marine, Engineering Bay  
  27  3:18  Marine  
  28  3:22  Marine, Orbital Command  
  29  4:02  Marine x2  
  29  4:07  Missile Turret  
  29  4:08  Command Center  
  29  4:09  Marine  
  29  4:14  Marine  
  31  4:21  Marine  
  32  4:35  Marine, Barracks Tech Lab  
  32  4:38  SCV  
  34  4:44  Marine  
  34  4:45  Marine  
  35  4:50  SCV  
  36  4:59  Factory, Stimpack  
  36  5:02  SCV  
  37  5:10  Marine  
  37  5:11  Marine  
  39  5:17  Supply Depot  
  39  5:20  SCV, Orbital Command  
  40  5:24  Marine  
  40  5:25  Marine  
  42  5:41  Marine x2  
  44  5:44  Marine, Starport  
  44  5:45  Factory Reactor  
  45  5:50  Orbital Command  
  45  6:08  Missile Turret  
  45  6:09  Marine x4  
  49  6:13  Terran Infantry Weapons Level 1  
  49  6:18  SCV  
  49  6:19  SCV  
  51  6:26  Marine  
  51  6:28  Barracks  
  51  6:29  Barracks Reactor  
  51  6:30  SCV  
  51  6:31  SCV  
  51  6:32  Marine, Barracks Tech Lab  
  55  6:43  SCV x2  
  57  6:51  Medivac x2  
  61  6:54  Supply Depot  
  61  6:55  SCV  
  61  6:59  Supply Depot  
  61  7:01  Supply Depot  
  62  7:05  Combat Shield  
  62  7:16  Marine x3, SCV  
  62  7:20  Barracks Reactor  
  66  7:26  Barracks  
  66  7:27  Concussive Shells  
  66  7:28  Marauder  
  66  7:29  Marauder  
  70  7:41  Armory, SCV  
  70  7:42  SCV  
  72  7:45  Medivac  
  72  7:46  Medivac  
  76  7:54  SCV  
  77  8:02  Marine x5  
  77  8:03  Marine x2  
  77  8:04  SCV  
  85  8:06  SCV  
  85  8:08  Terran Infantry Armor Level 1  
  86  8:17  Supply Depot  
  86  8:20  Supply Depot  
  86  8:22  Refinery  
  86  8:29  Engineering Bay  
  86  8:32  Supply Depot  
  86  8:38  Marine, Command Center, Medivac x2  
  82  9:10  Marine x4  
  82  9:11  Marine x3  
  80  9:28  Marine x3, SCV  
  80  9:29  Marauder x2, SCV  
  89  9:33  Terran Infantry Weapons Level 2  
  89  9:39  Barracks Reactor  
  89  9:40  Marine x2  
  91  9:46  Marine  
  91  9:50  Orbital Command  
  91  9:51  Marauder x2  
  96  9:54  Command Center  
  96  10:01  Refinery  
  96  10:02  Marine x3  
  99  10:08  Marine x2  
  99  10:12  Marauder x2, Supply Depot  
  105  10:14  Supply Depot, Medivac x2  
  105  10:20  Marine x3  
  112  10:22  Marine x2  
  112  10:26  Marine x2  
  116  10:29  Supply Depot  
  116  10:32  Terran Infantry Armor Level 2  
  116  10:47  Marine x3  
  116  10:48  Marine x2  
  116  10:49  Marine x2, Marauder x2  
  127  10:52  Supply Depot  
  127  10:55  Orbital Command  
  127  11:05  Marine x3  
  127  11:07  Medivac  
  127  11:08  Medivac  
  127  11:11  Orbital Command  
  134  11:33  SCV x3  
  134  11:37  Medivac  
  139  11:45  SCV  
  140  12:00  Marine  
  140  12:01  Marine x4, Marauder x2  
  130  12:18  Marine x2  
  130  12:19  Marine x2  
  130  12:22  Marauder x2  
  101  12:30  Viking x2  
  105  12:38  Marine x2  
  105  12:39  Marine x5  
  105  12:43  Marauder  
  105  12:44  Marauder  
  108  12:51  Factory Tech Lab  
  108  12:56  Marine x3  
  108  12:57  Marine x2  
  108  12:58  Marine x2  
Show
View Real Time Build Order
Export as new Build Order

Odin Protoss 

Build Orders: Oracle Opening 

Get SALT Encoding   

  12  0:05  Probe  
  13  0:15  Pylon  
  13  0:18  Probe  
  14  0:33  Gateway, Probe  
  15  0:48  Assimilator  
  16  0:50  Probe  
  16  1:02  Probe  
  17  1:25  Probe  
  18  1:34  Cybernetics Core  
  18  1:37  Probe  
  18  1:39  Gateway  
  19  1:49  Probe  
  20  1:59  Pylon  
  20  2:00  Assimilator  
  21  2:01  Probe  
  21  2:11  Probe  
  22  2:19  Probe  
  21  2:28  Warp Gate  
  21  2:29  Adept x2  
  26  2:38  Stargate  
  26  3:07  Adept x2  
  30  3:25  Probe  
  30  3:26  Pylon  
  31  3:42  Oracle  
  31  3:44  Probe  
  35  4:23  Nexus  
  35  4:37  Pylon  
  35  4:38  Oracle  
  38  4:54  Pylon  
  38  4:57  Robotics Facility  
  38  5:12  Probe  
  39  5:25  Shield Battery x2  
  39  5:28  Stalker x2  
  43  5:37  Gateway  
  43  5:45  Void Ray, Gateway  
  43  5:47  Immortal  
  51  5:51  Robotics Bay  
  51  6:06  Stalker x2  
  55  6:12  Shield Battery  
  55  6:15  Pylon  
  55  6:26  Probe  
  55  6:29  Probe  
  57  6:37  Immortal  
  61  6:48  Stalker x2  
  61  6:49  Stalker  
  67  6:55  Probe x2  
  69  7:14  Probe x2  
  71  7:16  Assimilator  
  71  7:18  Assimilator, Stalker  
  73  7:27  Twilight Council  
  73  7:33  Probe  
  73  7:34  Probe  
  75  7:49  Pylon  
  75  8:00  Probe x2  
  77  8:16  Forge  
  77  8:17  Forge  
  77  8:20  Probe x2  
  79  8:38  Nexus, Probe  
  79  8:39  Probe  
  79  8:40  Pylon  
  81  8:44  Charge  
  81  8:49  Stalker  
  81  8:53  Colossus  
  80  9:07  Stalker x3  
  77  9:24  Stalker  
  79  9:36  Protoss Ground Armor Level 1  
  79  9:41  Robotics Bay  
  79  9:50  Zealot x3  
  79  9:51  Zealot  
  87  10:00  Oracle  
  90  10:09  Pylon  
  90  10:23  Zealot x3  
  90  10:28  Probe x2  
  98  10:30  Probe  
  100  10:42  Probe  
  100  10:46  Probe  
  100  10:47  Probe  
  102  10:54  Probe  
  103  10:58  Probe  
  103  10:59  Probe  
  105  11:07  Probe  
  105  11:08  Shield Battery  
  105  11:10  Photon Cannon  
  106  11:17  Zealot x3  
  112  11:47  Pylon  
  112  12:04  Colossus  
  67  12:30  Zealot x4  
  73  12:45  Probe  
  73  12:49  Pylon  
  74  12:57  Probe  
  75  13:04  Nexus  
  75  13:07  Pylon  
Tags
 
Add a new tag
Caveats
  • Supply blocks, unpowered buildings, or Contaminate may cause inaccurate times.
  • Supply counts are checked every 10 seconds.